 Dungeon Crawl Stone Soup version 0.31-a0-819-gf6de2f5ab6 (webtiles) character file.

Game seed: 11192103332843654469

1 qw the Shooter (level 1, -1/12 HPs)
             Began as a Gargoyle Hunter on Sept 23, 2023.
             Frozen to death by an endoplasm (5 damage)
             ... on level 1 of the Dungeon.
             The game lasted 00:00:01 (55 turns).

qw the Shooter (Gargoyle Hunter)                      Turns: 55, Time: 00:00:01

Health: -1/12      AC:  5    Str: 14    XL:     1   Next: 20%
Magic:  1/1        EV: 11    Int:  9    God:
Gold:   0          SH:  0    Dex: 13    Spells: 0/0 levels left

rFire   . . .        a - +0 shortbow
rCold   . . .        (shield currently unavailable)
rNeg    + . .        c - +0 leather armour
rPois   inf          (no helmet)
rElec   +            (no cloak)
rCorr   .            (no gloves)
SInv    .            (no boots)
Will    .....        (no amulet)
Stlth   +            (no ring)
HPRegen 0.22/turn    (no ring)
MPRegen 0.07/turn

%: no passive effects
@: no status effects
A: sickness immunity, AC +2, negative energy resistance 1, electricity
resistance, torment resistance 1, petrification resistance
a: no special abilities


You were on level 1 of the Dungeon.
You visited 1 branch of the dungeon, and saw 1 of its levels.


Innate Abilities, Weirdness & Mutations

You are immune to sickness and miasma.
Your stone body is resilient. (AC +2)
You are immune to poison.
You resist negative energy. (rN+)
You are resistant to electric shocks. (rElec)
You are resistant to unholy torment.
You are immune to petrification.


   Skills:
 - Level 2.1 Fighting
 + Level 4.0 Ranged Weapons
 - Level 1.5 Dodging
 - Level 1.1 Stealth


You couldn't memorise any spells.
You didn't know any spells.
Your spell library was empty.

Inventory:

Hand Weapons
 a - a +0 shortbow (weapon)
Armour
 c - a +0 leather armour (worn)
Scrolls
 b - a scroll of butterflies

Dungeon Overview and Level Annotations

Branches:
Dungeon (1/15)

Altars:


Message History

You open the door.
There is an open door here.
An endoplasm comes into view.
Found a stone staircase leading down.
You shoot an arrow. The arrow hits the endoplasm.
The endoplasm quivers.
The endoplasm is severely wounded.
You shoot an arrow. The arrow hits the endoplasm.
You kill the endoplasm!
An endoplasm comes into view.
The endoplasm quivers.
You shoot an arrow. The arrow hits the endoplasm.
The endoplasm is heavily wounded.
You shoot an arrow. The arrow hits the endoplasm.
The endoplasm is almost dead.
The endoplasm freezes you.
You are frozen.
You shoot an arrow. The arrow barely misses the endoplasm.
The endoplasm freezes you.
You are frozen.
The endoplasm barely misses you.
You shoot an arrow. The arrow barely misses the endoplasm.
The endoplasm freezes you.
You are frozen.
You shoot an arrow.
The arrow hits the endoplasm but does no damage.
The endoplasm is almost dead.
The endoplasm misses you.
You shoot an arrow. The arrow barely misses the endoplasm.
The endoplasm misses you.
You shoot an arrow. The arrow barely misses the endoplasm.
The endoplasm freezes you.
You are frozen.
The endoplasm misses you.
You shoot an arrow. The arrow barely misses the endoplasm.
The endoplasm hits you but does no damage.
You shoot an arrow.
The arrow hits the endoplasm but does no damage.
The endoplasm is almost dead.
The endoplasm freezes you.
You are frozen.
You die...

#.......
#...... #.....
#. #.... #.#
##... #.# ...
#.# #J#######
#.# #@#.....#.
#.#
#...###....
#.#####..#...#
# #..........#
#..###..>###
##.# #.###
###'###.#
#H#.#T#.#
###.###.#


You could see an endoplasm.

Vanquished Creatures
  An endoplasm (D:1)
1 creature vanquished.

Notes
Turn   | Place    | Note
-------+----------+-------------------------------------------
     0 | D:1      | qw the Gargoyle Hunter began the quest for the Orb.
     0 | D:1      | Reached XP level 1. HP: 12/12 MP: 1/1
     0 | D:1      | 0 ||| qw: Version: 0.3-a-83-gcd0e7d8
     0 | D:1      | 0 ||| qw: Game counter: 1388
     0 | D:1      | 0 ||| qw: Melee chars always use a shield: true
     0 | D:1      | 0 ||| qw: God list: Okawaru
     0 | D:1      | 0 ||| qw: Allow faded altars: false
     0 | D:1      | 0 ||| qw: Do Orc after clearing Dungeon:15 true
     0 | D:1      | 0 ||| qw: Do second Lair branch before Depths: true
     0 | D:1      | 0 ||| qw: Lair rune preference: random
     0 | D:1      | 0 ||| qw: Goals: Normal
     0 | D:1      | 0 ||| PLANNING D:1-11
     2 | D:1      | Noticed a meteoran
     4 | D:1      | Noticed a draconian
     4 | D:1      | Noticed a tengu
     6 | D:1      | Noticed a human
     6 | D:1      | Noticed a merfolk
     8 | D:1      | Noticed a felid
    10 | D:1      | Noticed an armataur
    10 | D:1      | Noticed a vine stalker
    12 | D:1      | Noticed a minotaur
    14 | D:1      | Noticed a ghoul
    14 | D:1      | Noticed a demigod
    16 | D:1      | Noticed a spriggan
    16 | D:1      | Noticed a demonspawn
    18 | D:1      | Noticed a troll
    18 | D:1      | Noticed a gargoyle
    20 | D:1      | Noticed a naga
    20 | D:1      | Noticed an elf
    22 | D:1      | Noticed an octopode
    22 | D:1      | Noticed a vampire
    24 | D:1      | Noticed a formicid
    24 | D:1      | Noticed a formicid
    26 | D:1      | Noticed a minotaur
    26 | D:1      | Noticed a troll
    55 | D:1      | Frozen to death by an endoplasm

Levels and vault maps discovered:
D:1:      kb_arrival_jail, layout_basic, serial_bayou_lake_a

Action                     || total
---------------------------++-------
   Fire: Shortbow          ||    11
 Armour: Leather armour    ||     1
  Dodge: Dodged            ||     4

Table legend:
 A = Non-vault XP
 B = Vault XP
 C = Vault XP percentage of total XP
 D = Non-vault monster count
 E = Vault monster count
 F = Vault count percentage of total count
                 A         B        C        D         E       F
            +---------+---------+-------+---------+---------+-------
      Total |       2 |       0 |   0.0 |       1 |       0 |   0.0
            +---------+---------+-------+---------+---------+-------
        D:1 |       2 |       0 |   0.0 |       1 |       0 |   0.0
            +---------+---------+-------+---------+---------+-------
